Map: Frost LE

Players

Bails - Winner!

  • Race: Protoss Protoss
  • League: Grandmaster

KingLucky

  • Race: Protoss Protoss
  • League: Grandmaster

Event: Cheesadelphia Summer 2016

VOD

Have the link to the VOD?

Description

Time

  • Played on: July 24, 2016, 1:03 p.m.
  • Length: 12:31

All games in this series

Show
View Real Time Build Order
Export as new Build Order

Bails Protoss - Winner!

Build Orders:  

Get SALT Encoding   

  12  0:00  Probe (Chrono Boost)  
  13  0:11  Probe (Chrono Boost)  
  14  0:18  Pylon  
  14  0:22  Probe (Chrono Boost)  
  15  0:36  Probe (Chrono Boost), Gateway  
  16  0:46  Probe (Chrono Boost)  
  16  0:48  Assimilator  
  17  0:52  Assimilator  
  18  0:57  Probe (Chrono Boost)  
  18  1:07  Probe (Chrono Boost)  
  19  1:13  Gateway  
  19  1:18  Probe (Chrono Boost)  
  20  1:24  Cybernetics Core  
  20  1:29  Probe (Chrono Boost)  
  21  1:39  Probe (Chrono Boost)  
  22  1:41  Pylon  
  22  1:50  Probe (Chrono Boost), Warp Gate  
  23  2:01  Stalker  
  26  2:02  Stalker  
  27  2:14  Mothership Core (Chrono Boost)  
  29  2:21  Pylon  
  29  2:31  Stalker  
  31  2:39  Stalker  
  33  3:03  Nexus  
  33  3:06  Sentry  
  33  3:09  Sentry  
  37  3:24  Robotics Facility  
  37  3:29  Probe (Chrono Boost)  
  37  3:32  Pylon  
  38  3:40  Probe (Chrono Boost)  
  39  3:46  Twilight Council  
  39  3:52  Probe (Chrono Boost)  
  40  4:00  Stalker  
  42  4:03  Probe (Chrono Boost)  
  43  4:13  Probe (Chrono Boost)  
  43  4:14  Observer  
  43  4:15  Probe (Chrono Boost)  
  45  4:18  Blink  
  46  4:24  Probe (Chrono Boost)  
  46  4:26  Probe (Chrono Boost)  
  47  4:36  Probe x2 (Chrono Boost)  
  49  4:40  Gateway  
  47  4:47  Probe (Chrono Boost)  
  47  4:48  Probe (Chrono Boost)  
  49  4:55  Sentry  
  49  4:57  Probe (Chrono Boost)  
  53  5:00  Probe (Chrono Boost)  
  53  5:02  Pylon  
  53  5:08  Probe (Chrono Boost), Stalker  
  53  5:12  Probe (Chrono Boost)  
  57  5:18  Probe (Chrono Boost)  
  58  5:24  Probe (Chrono Boost)  
  58  5:27  Nexus  
  59  5:29  Probe (Chrono Boost)  
  59  5:34  Gateway  
  60  5:39  Probe (Chrono Boost)  
  60  5:40  Stalker  
  63  5:43  Stalker  
  63  5:47  Stalker  
  67  5:52  Pylon  
  67  5:54  Probe (Chrono Boost)  
  68  5:59  Probe (Chrono Boost), Assimilator  
  69  6:05  Resonating Glaives  
  69  6:08  Gateway  
  69  6:11  Gateway  
  69  6:13  Probe (Chrono Boost)  
  69  6:15  Probe (Chrono Boost)  
  71  6:20  Warp Prism  
  74  6:25  Probe (Chrono Boost)  
  74  6:27  Probe (Chrono Boost)  
  75  6:33  Gateway  
  75  6:36  Gateway  
  75  6:37  Probe (Chrono Boost)  
  75  6:38  Probe (Chrono Boost)  
  77  6:43  Probe (Chrono Boost)  
  78  6:48  Probe (Chrono Boost)  
  78  6:49  Probe (Chrono Boost)  
  78  6:52  Adept x2  
  78  6:53  Adept  
  86  6:58  Adept  
  86  6:59  Probe (Chrono Boost)  
  86  7:00  Probe (Chrono Boost)  
  91  7:02  Probe (Chrono Boost)  
  91  7:05  Pylon  
  91  7:09  Pylon  
  91  7:13  Dark Shrine  
  91  7:16  Adept  
  91  7:20  Pylon  
  93  7:27  Adept x5  
  103  7:30  Adept  
  103  7:33  Adept  
  107  7:47  Adept x2  
  107  7:48  Adept x3, Pylon  
  113  8:05  Adept x2  
  113  8:06  Adept  
  113  8:08  Adept x3  
  113  8:11  Pylon  
  125  8:13  Pylon  
  123  8:34  Dark Templar x3  
  123  8:35  Adept x5  
  139  8:43  Assimilator  
  139  8:59  Adept  
  141  9:09  Pylon  
  141  9:11  Pylon  
  121  9:17  Adept  
  121  9:18  Adept x6  
  121  9:22  Immortal  
  97  9:28  Adept x5  
  97  9:29  Adept x3  
  111  9:31  Probe (Chrono Boost)  
  111  9:32  Probe (Chrono Boost)  
  111  9:33  Gateway  
  111  9:36  Probe (Chrono Boost)  
  112  9:49  Adept x8  
  128  9:59  Forge  
  128  10:00  Immortal  
  128  10:04  Pylon  
  130  10:13  Adept x8  
  144  10:20  Protoss Ground Weapons Level 1  
  144  10:21  Pylon  
  144  10:25  Pylon  
  144  10:29  Adept  
  144  10:32  Nexus  
  144  10:35  Pylon  
  146  10:36  Photon Cannon  
  146  10:37  Observer  
  146  10:40  Stalker x3  
  146  10:46  Dark Templar  
  142  10:57  Adept x5, Warp Prism  
  152  11:10  Adept x3  
  158  11:14  Assimilator  
  154  11:30  Adept x3  
  158  11:33  Adept  
  158  11:37  Adept x2  
  160  11:41  Robotics Bay  
  160  11:46  Adept x3  
  126  11:57  Adept x5  
  126  11:58  Adept  
  114  12:08  Adept x3  
  96  12:11  Probe x2 (Chrono Boost)  
  96  12:12  Probe x2 (Chrono Boost)  
Show
View Real Time Build Order
Export as new Build Order

KingLucky Protoss 

Build Orders: Oracle Opening 

Get SALT Encoding   

  12  0:01  Probe (Chrono Boost)  
  13  0:11  Probe (Chrono Boost)  
  14  0:18  Pylon  
  14  0:22  Probe (Chrono Boost)  
  15  0:36  Probe (Chrono Boost)  
  15  0:37  Gateway  
  15  0:41  Assimilator  
  16  0:46  Probe (Chrono Boost)  
  17  0:50  Assimilator  
  17  0:57  Probe (Chrono Boost)  
  18  1:08  Probe (Chrono Boost)  
  18  1:09  Gateway  
  20  1:18  Probe (Chrono Boost)  
  20  1:24  Cybernetics Core  
  20  1:29  Probe (Chrono Boost)  
  21  1:38  Pylon  
  21  1:39  Probe (Chrono Boost)  
  22  1:50  Probe (Chrono Boost)  
  23  2:01  Stalker x2  
  25  2:02  Warp Gate  
  25  2:04  Mothership Core (Chrono Boost)  
  29  2:17  Pylon  
  29  2:35  Stargate  
  29  2:42  Probe (Chrono Boost)  
  29  2:59  Nexus  
  29  3:03  Stalker  
  31  3:10  Stalker  
  33  3:17  Oracle  
  36  3:27  Pylon  
  36  3:32  Probe (Chrono Boost)  
  37  3:44  Probe (Chrono Boost)  
  37  3:48  Oracle  
  42  3:56  Probe (Chrono Boost)  
  42  4:08  Probe (Chrono Boost)  
  43  4:10  Robotics Facility  
  43  4:16  Probe (Chrono Boost)  
  41  4:20  Probe (Chrono Boost)  
  42  4:26  Probe (Chrono Boost)  
  44  4:32  Probe (Chrono Boost)  
  44  4:36  Forge  
  44  4:37  Probe (Chrono Boost)  
  45  4:39  Pylon  
  45  4:44  Probe (Chrono Boost)  
  46  4:47  Probe (Chrono Boost)  
  47  4:53  Sentry x2  
  47  4:56  Probe (Chrono Boost)  
  47  4:57  Assimilator  
  47  4:58  Probe (Chrono Boost)  
  47  4:59  Assimilator  
  54  5:08  Probe (Chrono Boost), Immortal  
  54  5:09  Probe (Chrono Boost)  
  54  5:12  Protoss Ground Weapons Level 1  
  59  5:20  Probe (Chrono Boost)  
  60  5:25  Probe (Chrono Boost)  
  58  5:32  Probe (Chrono Boost)  
  59  5:36  Probe (Chrono Boost)  
  59  5:37  Twilight Council  
  60  5:42  Immortal  
  60  5:45  Probe (Chrono Boost)  
  60  5:48  Probe (Chrono Boost)  
  67  5:57  Probe (Chrono Boost)  
  67  5:58  Blink  
  67  6:00  Probe (Chrono Boost), Sentry, Nexus  
  67  6:03  Pylon  
  70  6:08  Pylon  
  70  6:23  Probe x2 (Chrono Boost)  
  72  6:26  Stalker x2  
  72  6:30  Immortal  
  80  6:41  Gateway  
  80  6:42  Pylon  
  80  6:46  Pylon  
  80  6:51  Sentry x2, Protoss Ground Weapons Level 2  
  84  6:54  Probe x2 (Chrono Boost)  
  84  7:06  Gateway  
  84  7:10  Gateway  
  84  7:12  Gateway  
  84  7:15  Probe x3 (Chrono Boost)  
  87  7:19  Observer  
  87  7:20  Pylon  
  88  7:25  Sentry x2  
  88  7:28  Probe x3 (Chrono Boost)  
  93  7:38  Sentry  
  93  7:40  Warp Prism, Gateway  
  93  7:42  Gateway x2  
  95  7:46  Resonating Glaives  
  97  7:53  Probe x2 (Chrono Boost)  
  97  7:57  Adept x2  
  103  8:02  Adept x2  
  107  8:10  Pylon  
  107  8:14  Adept x2  
  107  8:17  Adept x2  
  115  8:21  Pylon  
  115  8:25  Adept  
  115  8:26  Adept  
  119  8:29  Probe x2 (Chrono Boost)  
  121  8:39  Adept x4  
  129  8:46  Observer  
  127  8:59  Probe x2 (Chrono Boost)  
  120  9:07  Adept x5  
  120  9:08  Adept x4  
  135  9:16  Probe x2 (Chrono Boost)  
  129  9:17  Observer  
  129  9:20  Probe (Chrono Boost)  
  121  9:31  Adept x5  
  123  9:32  Adept  
  133  9:40  Probe (Chrono Boost)  
  124  9:52  Adept  
  119  10:00  Warp Prism  
  118  10:12  Adept x5  
  128  10:16  Probe x3 (Chrono Boost)  
  128  10:19  Adept x2  
  128  10:20  Adept  
  137  10:31  Probe (Chrono Boost)  
  139  10:36  Probe (Chrono Boost)  
  134  10:54  Probe (Chrono Boost)  
  134  10:55  Probe (Chrono Boost)  
  136  11:03  Sentry x3  
  140  11:07  Pylon  
  140  11:09  Pylon  
  140  11:11  Pylon  
  138  11:26  Adept x2  
  138  11:27  Adept x6  
  138  11:30  Adept  
  112  11:51  Adept  
  112  11:52  Adept x6  
  122  11:59  Adept x2  
  62  12:15  Adept x3  
  62  12:16  Adept  
Tags
 
Add a new tag
Caveats
  • Supply blocks, unpowered buildings, or Contaminate may cause inaccurate times.
  • Supply counts are checked every 10 seconds.